Map: 이페머론 - 래더

Players

DPGPartinG (PartinG)

  • Race: Protoss Protoss
  • League: Master
  • Spawn Location: 5:00

llllllllllll (Trap) - Winner!

  • Race: Protoss Protoss
  • League: Master
  • Spawn Location: 11:00

VOD

Have the link to the VOD?

Description

Time

  • Played on: Jan. 9, 2020, 4:52 a.m.
  • Length: 7:55
Show
View Real Time Build Order
Export as new Build Order

DPGPartinG Protoss 

Build Orders:  

Get SALT Encoding   

  12  0:00  Probe  
  13  0:12  Probe  
  14  0:18  Pylon  
  14  0:24  Probe (Chrono Boost)  
  15  0:37  Probe (Chrono Boost), Gateway  
  16  0:45  Probe (Chrono Boost)  
  16  0:46  Assimilator  
  17  0:51  Probe  
  17  0:54  Assimilator  
  18  1:03  Probe (Chrono Boost)  
  19  1:07  Gateway  
  19  1:12  Probe (Chrono Boost)  
  19  1:17  Probe (Chrono Boost)  
  20  1:24  Cybernetics Core  
  21  1:29  Probe  
  22  1:38  Pylon  
  22  1:41  Probe  
  23  1:57  Warp Gate (Chrono Boost), Gateway  
  23  2:01  Stalker  
  25  2:05  Stalker  
  27  2:08  Probe  
  27  2:15  Pylon  
  28  2:32  Stalker  
  28  2:35  Stalker  
  32  2:43  Stalker  
  34  3:21  Probe  
  34  3:22  Nexus  
  34  3:23  Pylon  
  34  3:25  Robotics Facility  
  35  3:33  Probe  
  36  3:36  Sentry  
  38  3:42  Adept x2  
  38  3:46  Probe  
  43  3:58  Probe, Shield Battery  
  43  4:02  Sentry  
  46  4:06  Pylon  
  46  4:10  Probe  
  47  4:30  Immortal (Chrono Boost), Sentry  
  50  4:37  Adept  
  50  4:38  Adept  
  55  4:45  Shield Battery  
  53  4:50  Probe x2  
  55  5:01  Warp Prism (Chrono Boost)  
  57  5:10  Pylon  
  57  5:12  Adept  
  59  5:17  Robotics Bay  
  59  5:20  Adept  
  59  5:28  Shield Battery  
  57  5:35  Immortal (Chrono Boost)  
  59  5:41  Probe x2  
  63  5:47  Adept x2  
  67  6:01  Gateway  
  67  6:05  Pylon  
  67  6:10  Disruptor (Chrono Boost)  
  70  6:23  Probe  
  70  6:24  Pylon  
  71  6:26  Pylon  
  71  6:31  Probe  
  72  6:33  Stalker x2  
  72  6:35  Probe  
  72  6:39  Observer (Chrono Boost)  
  78  6:43  Gateway  
  78  6:44  Pylon  
  78  6:49  Pylon  
  76  7:01  Stalker x3  
  76  7:15  Disruptor (Chrono Boost)  
  63  7:29  Stalker  
  61  7:34  Stalker  
  60  7:41  Adept  
Show
View Real Time Build Order
Export as new Build Order

llllllllllll Protoss - Winner!

Build Orders: Colossus Rush 

Get SALT Encoding   

  12  0:00  Probe  
  13  0:12  Probe  
  14  0:18  Pylon  
  14  0:24  Probe (Chrono Boost)  
  15  0:36  Probe (Chrono Boost)  
  15  0:37  Gateway  
  16  0:45  Probe (Chrono Boost)  
  16  0:46  Assimilator  
  17  0:51  Probe  
  17  0:55  Assimilator  
  18  1:03  Probe (Chrono Boost)  
  19  1:07  Gateway  
  19  1:13  Probe (Chrono Boost)  
  19  1:18  Probe (Chrono Boost)  
  20  1:24  Cybernetics Core  
  21  1:29  Probe  
  22  1:38  Pylon  
  22  1:41  Probe  
  23  1:56  Probe  
  23  2:00  Warp Gate, Stalker  
  26  2:03  Stalker  
  28  2:12  Pylon  
  28  2:24  Robotics Facility  
  28  2:33  Stalker  
  29  2:37  Stalker  
  31  3:09  Immortal (Chrono Boost)  
  35  3:14  Sentry, Stalker  
  35  3:18  Pylon  
  38  3:30  Gateway  
  38  3:42  Warp Prism (Chrono Boost)  
  38  3:48  Sentry  
  42  3:55  Adept  
  44  4:06  Pylon  
  44  4:23  Adept  
  46  4:25  Adept  
  46  4:27  Probe (Chrono Boost)  
  46  4:31  Observer  
  47  4:38  Probe (Chrono Boost)  
  47  4:44  Probe  
  47  4:47  Robotics Bay  
  48  4:56  Probe  
  53  5:16  Shield Battery  
  49  5:31  Colossus (Chrono Boost)  
  55  5:39  Pylon  
  55  5:42  Gateway  
  55  5:43  Pylon  
  55  6:02  Sentry x2  
  55  6:03  Sentry  
  61  6:06  Pylon  
  61  6:07  Pylon  
  61  6:38  Adept x4  
  65  7:06  Stalker x3  
  65  7:07  Zealot  
  62  7:32  Stalker x3  
  64  7:37  Stalker  
Tags
 
Add a new tag
Caveats
  • Supply blocks, unpowered buildings, or Contaminate may cause inaccurate times.
  • Supply counts are checked every 10 seconds.